 Dungeon Crawl Stone Soup version 0.29.1-15-g9cfb28693d (webtiles) character file.

Game seed: 7781765906163619310

86 booth the Chopper (level 4, -8/34 HPs)
             Began as a Demonspawn Gladiator on May 1, 2023.
             Was an Initiate of Yredelemnul.
             Killed by divine providence
             ... invoked by an orc priest
              (12 damage)
             ... on level 3 of the Dungeon.
             The game lasted 00:13:09 (2462 turns).

booth the Chopper (Demonspawn Gladiator)            Turns: 2462, Time: 00:13:10

Health: -8/34      AC:  6    Str: 16    XL:     4   Next: 26%
Magic:  4/4        EV: 12    Int: 10    God:    Yredelemnul [......]
Gold:   66         SH:  0    Dex: 14    Spells: 3/3 levels left

rFire   . . .      SeeInvis .   a - +0 war axe
rCold   . . .      Faith    .   (no shield)
rNeg    . . .      Spirit   .   b - +0 leather armour
rPois   .          Reflect  .   c - +0 helmet
rElec   .          Harm     .   (no cloak)
rCorr   .          Rampage  .   (no gloves)
Will    .....      Clarity  +   (no boots)
Stlth   +.........              (no amulet)
HPRegen 0.11/turn               (no ring)
MPRegen 0.09/turn               (no ring)

@: no status effects
A: hooves 1, yellow scales 1, foul stench 1, clarity, subdued magic 1
a: Renounce Religion, Recall Undead Harvest


You were on level 3 of the Dungeon.
You worshipped Yredelemnul.
Yredelemnul was noncommittal.
You visited 1 branch of the dungeon, and saw 3 of its levels.

You collected 66 gold pieces.

Inventory:

Hand Weapons
 a - a +0 war axe (weapon)
Missiles
 g - a javelin (quivered)
Armour
 b - a +0 leather armour (worn)
 c - a +0 helmet (worn)
Scrolls
 d - a scroll of fear {unknown}
 e - 3 scrolls of identify {unknown}
 h - a scroll of butterflies {unknown}
 o - 2 scrolls of acquirement {unknown}
Potions
 f - a potion of degeneration {unknown}
 i - a potion of magic
 k - a potion of invisibility {unknown}
 l - a potion of might
 m - 3 potions of curing {unknown}
 n - a potion of cancellation {unknown}


   Skills:
 + Level 2.7 Fighting
 * Level 3.5 Axes
 + Level 2.4 Throwing
 + Level 3.2 Dodging


You had 3 spell levels left.
You didn't know any spells.
Your spell library contained the following spells:

 Spells                   Type           Power      Damage    Failure   Level
 Scorch                   Fire           0%         2d5       52%         2
 Conjure Flame            Conj/Fire      0%         6-21      77%         3
 Ignite Poison            Fire/Tmut/Pois 0%         N/A       77%         3
 Tukima's Dance           Hex            0%         N/A       77%         3
 Flame Wave               Conj/Fire      0%         2d4       99%         4
 Passage of Golubria      Tloc           0%         N/A       99%         4
 Sticky Flame             Conj/Fire      0%         2d3       99%         4
 Yara's Violent Unravell  Hex/Tmut       0%         3d3       100%        5
 Summon Cactus Giant      Summ           0%         N/A       100%        6


Dungeon Overview and Level Annotations

Branches:
Dungeon (2/15)

Altars:
Yredelemnul


Innate Abilities, Weirdness & Mutations

You have large cloven feet.
You are partially covered in yellow scales. (AC +2)
You may rarely emit foul miasma when damaged in melee.
You possess an exceptional clarity of mind.
Your spells are a little easier to cast, but a little less powerful.


Message History

Your kick misses the orc priest. The orc priest hits you with a +0 club.
You closely miss the orc. The orc barely misses you.
You barely miss the orc. Your kick misses the orc.
The orc hits you with a +0 short sword.
You emit a cloud of foul miasma!
You hit the orc but do no damage.
The orc is engulfed in dark miasma.
The orc is poisoned.
The orc hits you but does no damage.
The orc priest invokes the aid of Beogh against you.
Beogh smites you!
Ouch! That really hurt!
The orc is engulfed in dark miasma.
The orc looks even sicker.
The orc seems to slow down.
You kill the orc!
The orc barely misses you.
The orc priest calls down the wrath of Beogh upon you.
Beogh smites you!
* * * LOW HITPOINT WARNING * * *
Items here: $ ( ) [.
You closely miss the orc priest. You barely miss the orc.
The orc hits you with a +0 long sword.
* * * LOW HITPOINT WARNING * * *
The orc priest hits you but does no damage.
You swap places.
Your orc zombie hits the orc priest but does no damage.
The orc priest looks satisfied for a moment.
The orc hits your orc zombie with a +0 long sword.
You swap places.
Your orc zombie closely misses the orc.
The orc hits your orc zombie with a +0 long sword!
Your orc zombie is destroyed!
Your orc zombie barely misses the orc priest.
You swap places.
The orc priest hits your orc zombie with a +0 club.
Your orc zombie hits the orc priest but does no damage.
The orc priest barely misses your orc zombie.
It was a potion of mutation.
You feel extremely strange.
Your connection to magic feels subdued.
Your thoughts seem clearer.
Your orc zombie hits the orc priest but does no damage.
The orc priest calls down the wrath of Beogh upon you.
Beogh smites you!
You die...
Your body rises from the dead as a mindless zombie.

#..Z#...#..........
#.#####.......##... ##
#.Z.#...#.######... ..
###.#.....# #..# #.
#.Z.#.### ##... #. #####.#
##.... # #. ##.## ##.....
#...##.########...####......
......ooZZ.@.........'......
#...###########..<####......
. ##.## ##..... #.# ##....
#.. ##... ###. ##'#
.#######.# ##.......
##.####.#


You could see an orc priest (ally target), an orc, a friendly orc zombie and a
friendly orc wizard zombie.

Vanquished Creatures
  An orc wizard (D:3)
  An adder (D:2)
  A worm (D:2)
  A dart slug (D:3)
  6 orcs (D:3)
  A bat (D:1)
  2 endoplasms (D:1)
  3 giant cockroaches
  3 goblins
  2 hobgoblins
  A ball python (D:1)
  3 frilled lizards (D:1)
  3 kobolds (D:1)
  3 rats
31 creatures vanquished.

Vanquished Creatures (collateral kills)
  An orc (D:3)
  A ball python (D:2)
2 creatures vanquished.

Vanquished Creatures (others)
  An orc wizard (D:3)
  A dart slug zombie (D:3)
  A giant cockroach zombie (D:3)
  2 orc zombies (D:3)
5 creatures vanquished.

Grand Total: 38 creatures vanquished

Notes
Turn   | Place    | Note
-------+----------+-------------------------------------------
     0 | D:1      | booth the Demonspawn Gladiator began the quest for the Orb.
     0 | D:1      | Reached XP level 1. HP: 16/16 MP: 1/1
   619 | D:1      | Gained mutation: You are partially covered in yellow
                  | scales. (AC +2) [demonic ancestry]
   619 | D:1      | Reached XP level 2. HP: 22/22 MP: 2/2
  1194 | D:2      | Gained mutation: You have large cloven feet. [demonic
                  | ancestry]
  1194 | D:2      | Reached XP level 3. HP: 14/28 MP: 3/3
  1354 | D:2      | Found a faded altar of an unknown god.
  1362 | D:2      | Prayed at the altar of an unknown god.
  1362 | D:2      | Became a worshipper of Yredelemnul the Dark
  1362 | D:2      | Reached * piety under Yredelemnul
  1737 | D:2      | You fall into a shaft and drop 1 floor!
  2040 | D:3      | Gained mutation: You may rarely emit foul miasma when
                  | damaged in melee. [demonic ancestry]
  2040 | D:3      | Reached XP level 4. HP: 13/34 MP: 4/4
  2462 | D:3      | Gained mutation: Your spells are a little easier to cast,
                  | but a little less powerful. [potion of mutation]
  2462 | D:3      | Gained mutation: You possess an exceptional clarity of
                  | mind. [potion of mutation]
  2462 | D:3      | Killed from afar by an orc priest

Illustrated notes

Levels and vault maps discovered:
D:1:      dpeg_arrival_boxorama, layout_loops_ring, serial_bayou_pond_c,
          minivault_14
D:2:      layout_basic, shapermc_ecumenical_altar_pompeii,
          nicolae_kite_square_tiling_tiny
D:3:      layout_loops_corners, lightli_temple_of_fire, chequers_mini_garden,
          kennysheep_nub

Skill      XL: |  1  2 |
---------------+-------+-----
Throwing       | 2 |  2.4
Axes           | 3 |  3.5
Dodging        | 3 |  3.2
Fighting       | |  2.7

Action                   |  1- 3 |  4- 6 || total
-------------------------+-------+-------++-------
Melee: War axe           |   108 |    16 ||   124
       Kick              |     6 |     2 ||     8
Throw: Throwing net      |     4 |       ||     4
       Javelin           |     2 |       ||     2
Invok: Recall Undead Har |     3 |       ||     3
  Use: Potion            |     5 |     2 ||     7
       Scroll            |     1 |       ||     1
 Stab: Sleeping          |     1 |       ||     1
Armor: Leather armour    |    28 |    11 ||    39
       Skin              |    10 |       ||    10
Dodge: Dodged            |    78 |     7 ||    85
